 Dungeon Crawl Stone Soup version 0.25.0-1-g7eea58d (webtiles) character file.

Game seed: 7517064503096781457

676 Buxparty the Skirmisher (level 7, -8/42 HPs)
             Began as a Gargoyle Gladiator on June 27, 2020.
             Was an Initiate of Hepliaklqana.
             Mangled by Prince Ribbit (15 damage)
             ... on level 5 of the Dungeon.
             The game lasted 00:05:05 (3703 turns).

Buxparty the Skirmisher (Gargoyle Gladiator)        Turns: 3703, Time: 00:05:06

Health: -8/42      AC:  8    Str: 20    XL:     7   Next: 60%
Magic:  7/7        EV: 12    Int:  8    God:    Hepliaklqana [......]
Gold:   286        SH:  0    Dex: 11    Spells: 6/6 levels left

rFire    . . .     SeeInvis .   a - +0 trident
rCold    . . .     Gourm    .   (no shield)
rNeg     + . .     Faith    .   b - +0 leather armour
rPois    ∞         Spirit   .   c - +0 helmet
rElec    +         Reflect  .   (no cloak)
rCorr    .         Harm     .   (no gloves)
MR       .....                  (no boots)
Stlth    +.........             (no amulet)
HPRegen  0.14/turn              (no ring)
MPRegen  0.10/turn              (no ring)

@: no status effects
A: reduced essence, negative energy resistance 1, electricity resistance,
unbreathing, petrification resistance, rot immunity, AC +4
a: Recall Ancestor, Ancestor Identity, Renounce Religion


You were on level 5 of the Dungeon.
You worshipped Hepliaklqana.
Hepliaklqana was noncommittal.
You were not hungry.

You visited 1 branch of the dungeon, and saw 5 of its levels.

You collected 286 gold pieces.

Inventory:

Hand Weapons
 a - a +0 trident (weapon)
Missiles
 d - 3 throwing nets (quivered)
Armour
 b - a +0 leather armour (worn)
 c - a +0 helmet (worn)
Jewellery
 o - an uncursed ring of poison resistance {unknown}
Scrolls
 h - a scroll of immolation {unknown}
 i - 2 scrolls of teleportation {unknown}
 j - 4 scrolls of magic mapping {unknown}
 k - 2 scrolls of remove curse {unknown}
 m - 2 scrolls of enchant armour {unknown}
 n - 6 scrolls of identify {unknown}
 p - a scroll of fog {unknown}
 s - a scroll of noise {unknown}
 v - a scroll of blinking {unknown}
Potions
 e - 3 potions of brilliance {unknown}
 g - a potion of flight {unknown}
 l - 2 potions of haste {unknown}
 q - 2 potions of magic {unknown}
 r - 2 potions of resistance {unknown}
 t - 2 potions of lignification {unknown}
 u - a potion of might {unknown}
 w - a potion of curing {unknown}
Comestibles
 f - 8 rations


   Skills:
 + Level 6.6 Fighting
 + Level 5.8 Polearms
 - Level 1.7 Throwing
 - Level 2.4 Dodging


You had 6 spell levels left.
You didn't know any spells.
Your spell library was empty.

Dungeon Overview and Level Annotations

Branches:
Dungeon (5/15)
 Temple: D:4-7

Altars:
Hepliaklqana
Wu Jian

Annotations:
D:5 Prince Ribbit


Innate Abilities, Weirdness & Mutations

You are resistant to torment.
Your stone body is resilient. (AC +4)
You are immune to poison.
You resist negative energy. (rN+)
You are resistant to electric shocks. (rElec)
You can survive without breathing.
You are immune to petrification.
You are immune to rotting.
Your life essence is reduced to manifest your ancestor. (-10% HP)


Message History

All of the chunks of flesh in your inventory have rotted away.
HP restored.
You climb downwards.
Level annotation: Prince Ribbit Prince Ribbit hits you! x2
There is a stone staircase leading up here.
You puncture Prince Ribbit!
Prince Ribbit is moderately wounded.
Dunstan closely misses Prince Ribbit.
Prince Ribbit hits you but does no damage.
You miss Prince Ribbit.
Prince Ribbit is moderately wounded.
Prince Ribbit closely misses you.
Dunstan completely misses Prince Ribbit.
Prince Ribbit hits you!
* * * LOW HITPOINT WARNING * * *
You barely miss Prince Ribbit.
Prince Ribbit is moderately wounded.
Dunstan hits Prince Ribbit.
Prince Ribbit hits you!
You die...

.## ..# .##.
## ..## ....
#.. #..##...#
##..##...#...#
#..........(..
#.........
##.F.#..#
#R@.# #....#
#....# .......
#.####... ..
....# ... ..##
.... ..#


You could see the friendly Dunstan the ancestor and Prince Ribbit.

Vanquished Creatures
  Grinder (D:4)
  Menkaure (D:4)
  A bullfrog (D:4)
  A howler monkey (D:4)
  A hound (D:4)
  Jessica (D:1)
  2 worker ants (D:4)
  A hound skeleton (D:4)
  A worker ant zombie (D:3)
  5 adders
  An ooze (D:3)
  A worm (D:2)
  2 dart slugs
  3 leopard geckos
  2 orcs (D:3)
  2 ball pythons
  A bat (D:2)
  3 giant cockroaches
  3 goblins
  3 hobgoblins
  7 jackals
  3 quokkas
  A ball python skeleton (D:4)
  A frilled lizard (D:1)
  7 kobolds
  12 rats
  A bush (D:2)
  2 plants (D:2)
70 creatures vanquished.

Vanquished Creatures (collateral kills)
  A worker ant (D:4)
  An adder (D:4)
2 creatures vanquished.

Vanquished Creatures (others)
  An ancestor (D:4)
1 creature vanquished.

Grand Total: 73 creatures vanquished

Notes
Turn   | Place    | Note
-------+----------+-------------------------------------------
     0 | D:1      | Buxparty the Gargoyle Gladiator began the quest for the
                  | Orb.
     0 | D:1      | Reached XP level 1. HP: 12/12 MP: 1/1
   219 | D:1      | Reached XP level 2. HP: 16/18 MP: 2/2
   750 | D:2      | Noticed Jessica
   753 | D:2      | Reached skill level 3 in Fighting
   767 | D:1      | Killed Jessica
   767 | D:1      | Reached XP level 3. HP: 19/23 MP: 3/3
  1011 | D:2      | Reached XP level 4. HP: 23/28 MP: 4/4
  1547 | D:2      | Reached skill level 4 in Fighting
  2025 | D:3      | Reached XP level 5. HP: 33/33 MP: 5/5
  2669 | D:4      | Found a hazy altar of Hepliaklqana.
  2679 | D:4      | Reached skill level 5 in Fighting
  2679 | D:4      | Reached XP level 6. HP: 32/40 MP: 6/6
  2772 | D:4      | Became a worshipper of Hepliaklqana the Forgotten
  2828 | D:4      | Found an ornate altar of the Wu Jian Council.
  3157 | D:4      | Noticed Menkaure
  3170 | D:4      | Killed Menkaure
  3170 | D:4      | Reached skill level 5 in Polearms
  3170 | D:4      | Reached XP level 7. HP: 12/40 MP: 7/7
  3438 | D:4      | Reached skill level 6 in Fighting
  3617 | D:5      | Entered Level 5 of the Dungeon
  3617 | D:5      | Noticed Prince Ribbit
  3617 | D:5      | Noticed Grinder
  3631 | D:4      | Killed Grinder
  3703 | D:5      | Mangled by Prince Ribbit

Illustrated notes

Levels and vault maps discovered:
D:1:      ncdulo_wetmaze, layout_basic
D:2:      layout_loops_cross, serial_forest, infiniplex_forest_end_2,
          infiniplex_forest_clump_tiny, infiniplex_forest_clump_curved,
          infiniplex_forest_clump_diagonal, infiniplex_forest_side_room,
          uniq_jessica
D:3:      layout_loops_ring, first_ration
D:4:      layout_cave_pools, overflow_temple_1_default,
          nicolae_overflow_crystal_walls, uniq_menkaure
D:5:      layout_layer_cave, uniq_prince_ribbit1, uniq_grinder, uniq_ijyb

Skill      XL: |  1  2  3  4  5  6  7 |
---------------+----------------------+-----
Polearms       | 3 4 5 |  5.8
Fighting       | 3 4 5 6 |  6.6
Throwing       | |  1.7
Dodging        | |  2.4

Action                   |  1- 3 |  4- 6 |  7- 9 || total
-------------------------+-------+-------+-------++-------
Melee: Trident           |    85 |   303 |    27 ||   415
 Stab: Sleeping          |     2 |       |       ||     2
       Distracted        |       |       |     1 ||     1
  Eat: Chunk             |       |     8 |     2 ||    10
Armor: Leather armour    |    35 |    53 |     8 ||    96
Dodge: Dodged            |    54 |   114 |     4 ||   172
